 Dungeon Crawl Stone Soup version 0.31.0-11-ge490571c62 (webtiles) character file.

Game seed: 7893882782799647767

79 ProzacElf the Covered (level 4, 0/37 HPs)
             Began as an Armataur Fighter on Feb 3, 2024.
             Was a Follower of Fedhas.
             Slain by Ijyb
             ... wielding a +0 club
              (3 damage)
             ... on level 3 of the Dungeon.
             The game lasted 00:04:32 (1470 turns).

ProzacElf the Covered (Armataur Fighter)            Turns: 1470, Time: 00:04:33

Health: 0/37       AC:  9    Str: 18 (21) XL:     4   Next: 16%
Magic:  4/4        EV:  9    Int:  6 (8)  God:    Fedhas [*.....]
Gold:   81         SH:  0    Dex: 11 (12) Spells: 3/3 levels left

rFire   . . .        a - +0 flail
rCold   . . .        g - +0 kite shield
rNeg    . . .        i - +0 chain mail
rPois   .            (no helmet)
rElec   .            (no cloak)
rCorr   .            h - +0 pair of gloves
SInv    .            (no barding)
Will    .....        (no amulet) Stlth
                     m - +5 ring of evasion {=R}
HPRegen 0.26/turn    (no ring)
MPRegen 0.09/turn

%: roll
@: confused
A: large, deformed body, tough skin 3, armoured tail, roll 1
a: Renounce Religion


You were on level 3 of the Dungeon.
You worshipped Fedhas.
Fedhas was aware of your devotion.
You visited 1 branch of the dungeon, and saw 3 of its levels.

You collected 81 gold pieces.

Inventory:

Hand Weapons
 a - a +0 flail (weapon)
 k - a +0 hand axe
Armour
 b - a +0 scale mail
 c - a +0 buckler
 g - a +0 kite shield (worn)
 h - a +0 pair of gloves (worn)
 i - a +0 chain mail (worn)
Jewellery
 m - a +5 ring of evasion (left hand) {=R}
Scrolls
 e - 3 scrolls of identify
Potions
 d - a potion of might
 j - a potion of degeneration


   Skills:
 - Level 2.6 Fighting
 + Level 3.1 Maces & Flails
 - Level 3.6 Armour
 + Level 3.2 Stealth
 - Level 3.2 Shields


You had 3 spell levels left.
You didn't know any spells.
Your spell library contained the following spells:

 Spells                   Type           Power      Damage    Failure   Level
 Magic Dart               Conj           0%         1d3       100%        1
 Searing Ray              Conj           0%         2d4       100%        2
 Fulminant Prism          Conj/Alch      0%         3d5       100%        4


Dungeon Overview and Level Annotations

Branches:
Dungeon (3/15)

Altars:
Fedhas

Shops:
D:1 [

Annotations:
D:3 Ijyb


Innate Abilities, Weirdness & Mutations

Armour fits poorly on your strangely shaped body.
You have extremely tough skin. (AC +3)
You have a long armoured tail.
You regenerate magic when rolling toward enemies. (Rampage MPRegen)


Message History

* * * LOW HITPOINT WARNIN'
* * * Ye take 5 damage, an' haf 4/37 hp.
Ye closely miss Ijyb.
Ijyb be severely wounded.
Ye block Ijyb's attack.
Tha dart slug launches a dart at ye.
Tha slug dart hits ye.
* * * LOW HITPOINT WARNIN'
* * * Ye take 1 damage, an' haf 3/37 hp.
Ye hit Ijyb.
Ijyb be almost dead.
Ijyb hits ye but does nay damage.
Ye hit Ijyb but do nay damage.
Yer tail-slap misses Ijyb.
Ijyb be almost dead.
Ijyb barely misses ye.
Tha dart slug launches a dart at ye.
Tha slug dart misses ye.
Ijyb zaps a wand.
Ye resist wit' some effort.
Ye closely miss Ijyb.
Ijyb be almost dead.
Ijyb hits ye but does nay damage.
Ye block tha dart slug's attack.
Ye closely miss Ijyb.
Yer tail-slap misses Ijyb.
Ijyb be almost dead.
Ijyb zaps a wand.
Yer will be overpow'red!
Ye be confused.
Tha dart slug launches a dart at ye.
Tha slug dart hits ye but does nay damage.
Ijyb zaps a wand.
Ye resist wit' some effort.
Ijyb attacks as she pursues ye!
Ijyb barely misses ye.
Tha dart slug bites ye but does nay damage.
Ijyb hits ye wit' a +0 club.
* * * LOW HITPOINT WARNIN'
* * * Ye take 1 damage, an' haf 3/37 hp.
Ye hit tha dart slug.
Tha dart slug be moderately wounded.
Tha dart slug barely misses ye.
Ijyb screams, "Ye nasty!
Big nasty!"
Ijyb hits ye wit' a +0 club.
Ye die...
Fedhas appreciates yer contribution ta tha ecosystem.

##### ##.#.##
##.#.@...####
#...wg......#
#......#####..#
##....## ...
#....## ##
#....# ##..#
#..# ..#


You could see Ijyb and a dart slug.

Vanquished Creatures
  An orc wizard (D:3)
  An adder (D:2)
  A ribbon worm (D:2)
  An orc (D:3)
  8 endoplasms
  A giant cockroach (D:2)
  3 goblins
  5 hobgoblins
  3 kobolds
  9 ball pythons
  4 bats
  2 frilled lizards
  A rat (D:2)
40 creatures vanquished.

Notes
Turn   | Place    | Note
-------+----------+-------------------------------------------
     0 | D:1      | ProzacElf the Armataur Fighter began the quest for the Orb.
     0 | D:1      | Reached XP level 1. HP: 18/18 MP: 1/1
    34 | D:1      | Found a faded altar of an unknown god.
    35 | D:1      | You fall into a shaft and drop 1 floor!
    81 | D:2      | Reached skill level 1 in Stealth
   109 | D:1      | Found Kolinauc's Armour Emporium.
   182 | D:1      | Reached XP level 2. HP: 19/25 MP: 2/2
   636 | D:1      | Prayed at the altar of an unknown god.
   636 | D:1      | Became a worshipper of Fedhas Madash
   636 | D:1      | Reached * piety under Fedhas
  1044 | D:2      | Reached XP level 3. HP: 28/30 MP: 3/3
  1429 | D:3      | Reached XP level 4. HP: 19/37 MP: 4/4
  1454 | D:3      | Noticed Ijyb
  1470 | D:3      | Slain by Ijyb

Illustrated notes

Levels and vault maps discovered:
D:1:      ldierk_walled_garden_2, layout_basic,
          nicolae_ecumenical_snake_handling, serial_shops, nicolae_shop_trees
D:2:      minmay_inner_zag, layout_rooms
D:3:      layout_basic, nicolae_figureground_sparkle, uniq_ijyb

Skill      XL: |  1  2  3 |
---------------+----------+-----
Maces & Flails | 2 3 |  3.1
Stealth        | 1 2 3 |  3.2
Fighting       | |  2.6
Armour         | |  3.6
Shields        | |  3.2

Action                     |  1- 3 |  4- 6 || total
---------------------------+-------+-------++-------
  Melee: Flail             |   100 |    29 ||   129
         Tailslap          |     9 |     4 ||    13
    Use: Scroll            |       |     2 ||     2
         Potion            |       |     2 ||     2
 Armour: Scale mail        |    25 |       ||    25
         Chain mail        |    40 |    37 ||    77
  Dodge: Dodged            |    20 |     7 ||    27
  Block: Kite shield       |    43 |     6 ||    49
         Buckler           |     1 |       ||     1

Action                     |  1- 3 |  4- 6 || total
---------------------------+-------+-------++-------
  Melee: Flail             |   100 |    29 ||   129
         Tailslap          |     9 |     4 ||    13
    Use: Scroll            |       |     2 ||     2
         Potion            |       |     2 ||     2
 Armour: Scale mail        |    25 |       ||    25
         Chain mail        |    40 |    37 ||    77
  Dodge: Dodged            |    20 |     7 ||    27
  Block: Kite shield       |    43 |     6 ||    49
         Buckler           |     1 |       ||     1

Levels and vault maps discovered:
D:1:      ldierk_walled_garden_2, layout_basic,
          nicolae_ecumenical_snake_handling, serial_shops, nicolae_shop_trees
D:2:      minmay_inner_zag, layout_rooms
D:3:      layout_basic, nicolae_figureground_sparkle, uniq_ijyb
